[Event "42nd Olympiad Baku 2016 Women"]
[Site "Baku"]
[Date "2016.09.06"]
[Round "5.2"]
[White "Muzychuk, Mariya"]
[Black "Chelushkina, Irina"]
[Result "1-0"]
[ECO "B81"]
[WhiteElo "2539"]
[BlackElo "2221"]
[Annotator ""]
[PlyCount "141"]
[EventDate "2016.??.??"]
[EventType "team-tourn"]
[EventCountry "AZE"]
[SourceTitle "playchess.com"]
[Source "ChessBase"]
[WhiteTeam "Ukraine"]
[BlackTeam "Serbia"]
[WhiteTeamCountry "UKR"]
[BlackTeamCountry "SRB"]
[TimeControl "40/5400+30:1800+30"]

1. e4 {(00:00)} c5 {(00:00)} 2. Nf3 {(00:00)} e6 {(
00:00)} 3. d4 {(00:25)} cxd4 {(00:00)} 4. Nxd4 {(00:02)}
Nf6 {(00:03)} 5. Nc3 {(00:16)} d6 {(00:19)} 6. g4 {
(00:44)} h6 {(00:14)} 7. h4 {(00:13)} a6 {(00:29)}
8. Rg1 {(01:05)} Nfd7 {(00:19)} 9. g5 {(11:29)} hxg5 {
(00:41)} 10. Bxg5 {(01:12)} Qb6 {(12:10)} 11. Rg3 {
(00:42)} Nc6 {(00:42)} 12. Nb3 {(00:42)} Qc7 {(02:
09)} 13. h5 {(04:19)} b5 {(04:55)} 14. a4 {(05:45)} b4 {
(05:29)} 15. Nb1 {(00:08)} Na5 {(18:09)} 16. Nxa5 {
(03:40)} Qxa5 {(02:21)} 17. Nd2 {(00:08)} Bb7 {(06:
35)} 18. b3 {(02:15)} Qc7 {(06:07)} 19. Bd3 {(04:24)} Nc5
{(00:46)} 20. Be3 {(06:16)} d5 {(01:51)} 21. exd5 {
(08:03)} Bxd5 {(00:55)} 22. Bxc5 {(05:45)} Bxc5 {(
04:47)} 23. Qe2 {(00:46)} Bd4 {(01:14)} 24. O-O-O {(01:51]
} Be5 {(04:26)} 25. Rg5 {(10:53)} Bf6 {(06:52)} 26. Rxd5 {
(11:04)} Kf8 {(00:05)} 27. Ne4 {(02:42)} Qf4+ {(03:
48)} 28. Qd2 {(01:51)} Qxd2+ {(00:07)} 29. Rxd2 {(00:24)}
exd5 {(00:04)} 30. Nxf6 {(00:08)} gxf6 {(00:04)} 31. Be2 {
(00:11)} a5 {(06:07)} 32. Rxd5 {(01:00)} Ke7 {(00:
17)} 33. Bd3 {(08:33)} Rhg8 {(06:59)} 34. Rb5 {(00:27)}
Rgb8 {(01:35)} 35. Rf5 {(02:55)} Rg8 {(00:34)} 36. f4 {
(01:30)} Rg4 {(01:44)} 37. Kd2 {(01:04)} Rh4 {(00:
05)} 38. Ke3 {(00:52)} Ke6 {(03:11)} 39. Rb5 {(00:45)} Kd6
{(01:10)} 40. Kf3 {(00:00)} Rh2 {(00:00)} 41. Rb6+ {
(15:32)} Kc5 {(03:21)} 42. Rxf6 {(00:37)} Rxh5 {(
00:08)} 43. Rxf7 {(00:38)} Rg8 {(03:08)} 44. Rc7+ {(03:14]
} Kd6 {(00:19)} 45. Ra7 {(00:21)} Rh3+ {(02:57)} 46. Ke4 {
(00:16)} Re8+ {(01:20)} 47. Kd4 {(00:12)} Rf3 {(00:
45)} 48. Ra6+ {(00:19)} Kc7 {(00:20)} 49. Rf6 {(01:31)}
Rh3 {(01:13)} 50. Kc5 {(03:46)} Rh5+ {(00:23)} 51. f5 {
(00:25)} Re5+ {(00:21)} 52. Kd4 {(00:03)} Re7 {(00:
12)} 53. Ra6 {(01:01)} Rh4+ {(16:28)} 54. Kd5 {(00:08)}
Rd7+ {(01:00)} 55. Ke5 {(07:08)} Re7+ {(01:18)} 56. Kf6 {
(00:41)} Reh7 {(00:52)} 57. Rxa5 {(00:51)} Kd6 {(
00:49)} 58. Ra6+ {(00:22)} Kd5 {(01:27)} 59. Bc4+ {(00:19]
} Kc5 {(02:03)} 60. Ke5 {(01:34)} Re7+ {(01:18)} 61. Be6 {
(01:06)} Reh7 {(00:35)} 62. Ra5+ {(00:33)} Kb6 {(
00:37)} 63. Rb5+ {(00:04)} Kc7 {(01:08)} 64. a5 {(00:09)}
Kc6 {(00:20)} 65. Rb6+ {(01:16)} Kc5 {(00:05)} 66. Rb8 {
(00:15)} Rh2 {(01:33)} 67. Bc4 {(01:59)} Re7+ {(00:
20)} 68. Kf6 {(00:03)} Ra7 {(00:22)} 69. a6 {(01:20)} Rhh7
{(00:42)} 70. Rb5+ {(00:43)} Kc6 {(01:11)} 71. Rxb4 {
(00:19] Kd5} 1-0

[Event "42nd Olympiad Baku 2016 Women"]
[Site "Baku"]
[Date "2016.09.06"]
[Round "5.21"]
[White "Mwango, Lorita"]
[Black "Richards, Deborah"]
[Result "0-1"]
[ECO "D03"]
[WhiteElo "1935"]
[BlackElo "2023"]
[Annotator ""]
[PlyCount "92"]
[EventDate "2016.??.??"]
[EventType "team-tourn"]
[EventCountry "AZE"]
[SourceTitle "playchess.com"]
[Source "ChessBase"]
[WhiteTeam "Zambia"]
[BlackTeam "Jamaica"]
[WhiteTeamCountry "ZAM"]
[BlackTeamCountry "JAM"]
[TimeControl "40/5400+30:1800+30"]

1. d4 {(00:00)} d5 {(00:00)} 2. Nf3 {(00:00)} Nf6 {
(00:00)} 3. Bg5 {(00:38)} Ne4 {(01:28)} 4. Bh4 {(
01:15)} c5 {(04:41)} 5. e3 {(00:52)} Qb6 {(02:20)} 6. Qc1
{(01:06)} Nc6 {(01:05)} 7. c3 {(00:27)} Bf5 {(00:
58)} 8. Nbd2 {(00:25)} e6 {(03:01)} 9. Nxe4 {(02:26)} Bxe4
{(02:07)} 10. Be2 {(00:59)} Bd6 {(10:20)} 11. O-O {
(00:46)} O-O {(00:11)} 12. Qd2 {(03:13)} c4 {(15:
52)} 13. Ng5 {(07:31)} Bg6 {(01:14)} 14. f4 {(12:13)} Qc7
{(02:50)} 15. Bg3 {(01:38)} b5 {(00:59)} 16. Nf3 {(
09:12)} b4 {(03:38)} 17. cxb4 {(03:12)} Bxb4 {(04:17)} 18.
Qc1 {(00:13)} Qb6 {(02:59)} 19. b3 {(06:25)} cxb3 {
(13:09)} 20. axb3 {(00:13)} Rfc8 {(03:03)} 21. Qb2 {
(01:59)} Na5 {(06:10)} 22. Rfc1 {(01:13)} Qb7 {(10:
58)} 23. Ne5 {(02:42)} Be4 {(02:31)} 24. Nd3 {(10:28)}
Rxc1+ {(01:09)} 25. Rxc1 {(02:48)} Bd6 {(00:40)} 26. Rc3 {
(05:26)} Rb8 {(04:26)} 27. Bd1 {(00:34)} Qb5 {(01:
10)} 28. Nc5 {(01:07)} Bf5 {(01:12)} 29. Be2 {(01:50)} Qe8
{(00:17)} 30. Be1 {(00:25)} Nb7 {(01:11)} 31. Qa2 {
(01:41)} a5 {(00:54)} 32. Ba6 {(04:05)} Nxc5 {(00:
22)} 33. dxc5 {(00:29)} Bc7 {(00:17)} 34. Rc1 {(07:20)} e5
{(00:22)} 35. Bd2 {(01:54)} Qc6 {(01:00)} 36. Bf1 {
(00:42)} h6 {(00:22)} 37. fxe5 {(02:26)} Qe6 {(00:
35)} 38. g3 {(00:53)} Qxe5 {(00:17)} 39. Bg2 {(00:26)} d4
{(00:32)} 40. exd4 {(00:00)} Qxd4+ {(00:00)} 41. Kh1 {
(03:24)} Be4 {(01:25)} 42. Bxe4 {(08:56)} Qxe4+ {(
00:08)} 43. Kg1 {(00:02)} Be5 {(01:48)} 44. Rc4 {(06:34)}
Bd4+ {(01:30)} 45. Kf1 {(00:21)} Qf3+ {(00:19)} 46. Ke1 {
(00:14)} Bf2+ {(00:11)} 0-1

[Event "42nd Olympiad Baku 2016 Women"]
[Site "Baku"]
[Date "2016.09.06"]
[Round "5.31"]
[White "Myronenko, Natalya"]
[Black "Romero Echeverria, Abigail"]
[Result "0-1"]
[ECO "B42"]
[WhiteElo "1922"]
[BlackElo "2106"]
[Annotator ""]
[PlyCount "141"]
[EventDate "2016.??.??"]
[EventType "team-tourn"]
[EventCountry "AZE"]
[SourceTitle "playchess.com"]
[Source "ChessBase"]
[WhiteTeam "ICCD"]
[BlackTeam "ECU"]
[WhiteTeamCountry "UKR"]
[BlackTeamCountry "ECU"]
[TimeControl "40/5400+30:1800+30"]

1. e4 {(00:00)} c5 {(00:00)} 2. Nf3 {(00:00)} e6 {(
00:00)} 3. d4 {(00:00)} cxd4 {(00:03)} 4. Nxd4 {(00:00)}
a6 {(00:03)} 5. Bd3 {(00:16)} Nc6 {(00:06)} 6. Nxc6 {
(01:14)} dxc6 {(00:05)} 7. O-O {(00:15)} e5 {(00:
03)} 8. Nd2 {(01:02)} Nf6 {(01:29)} 9. Nc4 {(00:40)} Qc7 {
(01:07)} 10. Bg5 {(08:20)} b5 {(15:01)} 11. Ne3 {(
00:47)} Be7 {(00:58)} 12. a4 {(00:29)} Rb8 {(03:07)} 13.
axb5 {(01:05)} axb5 {(00:08)} 14. Kh1 {(02:30)} h6 {
(00:50)} 15. Bh4 {(00:27)} O-O {(05:20)} 16. Qe2 {(
05:05)} Be6 {(02:18)} 17. Bg3 {(07:56)} Bd6 {(21:38)} 18.
Nf5 {(14:21)} Bxf5 {(11:03)} 19. exf5 {(00:10)} Rfe8 {
(00:48)} 20. f3 {(01:47)} e4 {(18:12)} 21. Bxd6 {(
00:59)} Qxd6 {(00:01)} 22. fxe4 {(02:57)} Qe5 {(00:15)}
23. c3 {(02:34)} b4 {(02:23)} 24. Rac1 {(09:28)} bxc3 {
(01:18)} 25. Rxc3 {(00:46)} Nxe4 {(09:46)} 26. Qxe4 {
(05:35)} Qxe4 {(00:06)} 27. Bxe4 {(00:10)} Rxe4 {(
00:02)} 28. Rxc6 {(00:19)} Rxb2 {(00:06)} 29. f6 {(01:30)}
Rf4 {(05:58)} 30. Kg1 {(05:10)} Rxf1+ {(00:06)} 31. Kxf1 {
(00:14)} g5 {(00:01)} 32. h3 {(01:26)} Kh7 {(00:33]
} 33. Ra6 {(05:42)} Kg6 {(00:39)} 34. Kg1 {(00:31)} h5 {
(00:37)} 35. g3 {(04:36)} Re2 36. Ra8 {(00:16)} Kxf6 {
(02:45)} 37. Rg8 Re4 {(00:28)} 38. Kf2 {(01:24)} h4 {
(00:32)} 39. Kf3 {(02:38)} Ra4 {(00:33)} 40. gxh4 {
(00:00)} Rxh4 {(00:00)} 41. Kg3 {(00:44)} Ra4 {(00:
12)} 42. Rb8 {(00:13)} Ra6 {(04:26)} 43. Rb4 {(00:49)}
Ra3+ {(00:56)} 44. Kg2 {(01:55)} Kg6 {(00:37)} 45. h4 {
(01:29)} gxh4 {(00:14)} 46. Rxh4 {(00:04)} Kg5 {(
00:18)} 47. Rb4 {(00:13)} f5 {(00:15)} 48. Rb8 {(01:07)}
Kg4 {(00:21)} 49. Rg8+ {(00:28)} Kf4 {(00:06)} 50. Rf8 {
(01:14)} Ra2+ {(00:05)} 51. Kf1 {(00:14)} Kg4 {(00:
27)} 52. Rg8+ {(00:03)} Kf3 {(00:06)} 53. Kg1 {(01:30)} f4
{(00:31)} 54. Rb8 {(01:49)} Ra1+ {(02:24)} 55. Kh2 {
(00:16)} Re1 {(05:40)} 56. Ra8 {(03:37)} Kf2 {(01:
57)} 57. Ra3 {(04:26)} Re8 {(03:00)} 58. Ra2+ {(00:26)}
Re2 {(00:02)} 59. Ra3 {(00:12)} f3 {(01:01)} 60. Ra1 {
(00:54)} Re1 {(06:39)} 61. Ra3 {(03:19)} Re2 {(04:
51)} 62. Ra1 {(00:32)} Ke3+ {(00:57)} 63. Kg1 {(02:13)}
Rd2 {(04:47)} 64. Re1+ {(04:15)} Re2 {(00:16)} 65. Ra1 {
(00:15)} Rg2+ {(01:21)} 66. Kf1 {(01:01)} Rf2+ {(
00:44)} 67. Kg1 {(00:23)} Rg2+ {(00:44)} 68. Kf1 {(00:06)}
Rc2 {(00:23)} 69. Re1+ {(00:52)} Re2 {(00:26)} 70. Rxe2+ {
(00:14)} fxe2+ {(00:10)} 71. Ke1 {(00:03)} 0-1

[Event "42nd Olympiad Baku 2016 Women"]
[Site "Baku"]
[Date "2016.09.06"]
[Round "5.21"]
[White "Narva, Mai"]
[Black "Steil-Antoni, Fiona"]
[Result "1-0"]
[ECO "C63"]
[WhiteElo "2238"]
[BlackElo "2159"]
[Annotator ""]
[PlyCount "59"]
[EventDate "2016.??.??"]
[EventType "team-tourn"]
[EventCountry "AZE"]
[SourceTitle "playchess.com"]
[Source "ChessBase"]
[WhiteTeam "Estonia"]
[BlackTeam "Luxembourg"]
[WhiteTeamCountry "EST"]
[BlackTeamCountry "LUX"]
[TimeControl "40/5400+30:1800+30"]

1. e4 {(00:00)} e5 {(00:00)} 2. Nf3 {(00:00)} Nc6 {
(00:00)} 3. Bb5 {(00:00)} f5 {(00:00)} 4. d3 {(00:
09)} fxe4 {(00:06)} 5. dxe4 {(00:07)} Nf6 {(00:34)} 6. Nc3
{(00:43)} Bc5 {(01:01)} 7. Qd3 {(00:48)} d6 {(03:
12)} 8. Qc4 {(01:05)} Bd7 {(19:48)} 9. O-O {(03:30)} Qe7 {
(13:02)} 10. Nd5 {(09:54)} Nxd5 {(04:56)} 11. exd5 {
(00:33)} Nd4 {(03:34)} 12. Bxd7+ {(01:25)} Qxd7 {(
15:24)} 13. Nxe5 {(14:47)} dxe5 {(00:02)} 14. Qxc5 {(00:
27)} b6 {(19:26)} 15. Qc4 {(00:57)} O-O-O {(04:20)} 16.
Bg5 {(02:13)} Qxd5 {(04:34)} 17. Qa6+ {(04:01)} Kb8 {
(00:01)} 18. Bxd8 {(11:18)} Rxd8 {(00:02)} 19. c3 {
(05:42)} Ne6 {(01:05)} 20. c4 {(09:49)} Qc6 {(01:
17)} 21. Qb5 {(02:18)} Qxb5 {(01:49)} 22. cxb5 {(00:06)}
Rd2 {(00:18)} 23. Rab1 {(01:46)} Nd4 {(00:48)} 24. Rfd1 {
(00:28)} Rc2 {(00:31)} 25. Kf1 {(00:46)} Kc8 {(01:
41)} 26. Rdc1 {(01:41)} Rd2 {(01:46)} 27. Re1 {(00:33)}
Nxb5 {(00:30)} 28. Rxe5 {(00:13)} Nd6 {(01:22)} 29. Re7 {
(00:48)} Nc4 {(01:32)} 30. Rc1 {(00:47)} 1-0

[Event "42nd Olympiad Baku 2016 Women"]
[Site "Baku"]
[Date "2016.09.06"]
[Round "5.23"]
[White "Narva, Triin"]
[Black "Biryukov, Alice"]
[Result "1-0"]
[ECO "C26"]
[WhiteElo "2023"]
[BlackElo "1898"]
[Annotator ""]
[PlyCount "45"]
[EventDate "2016.??.??"]
[EventType "team-tourn"]
[EventCountry "AZE"]
[SourceTitle "playchess.com"]
[Source "ChessBase"]
[WhiteTeam "Estonia"]
[BlackTeam "Luxembourg"]
[WhiteTeamCountry "EST"]
[BlackTeamCountry "LUX"]
[TimeControl "40/5400+30:1800+30"]

1. e4 {(00:00)} e5 {(00:00)} 2. Nc3 {(00:00)} Nf6 {
(00:00)} 3. g3 {(00:31)} c6 {(00:24)} 4. d4 {(03:
07)} Bb4 {(01:12)} 5. Bg2 {(01:30)} Qa5 {(04:41)} 6. Nge2
{(06:11)} d5 {(09:08)} 7. O-O {(05:01)} dxe4 {(03:
38)} 8. dxe5 {(03:21)} Qxe5 {(01:20)} 9. Bf4 {(01:20)} Qe7
{(02:06)} 10. a3 {(03:28)} Bc5 {(03:19)} 11. b4 {(
00:57)} Bb6 {(00:18)} 12. Bd6 {(01:15)} Qe6 {(06:31)} 13.
Nf4 {(01:22)} Qc4 {(01:10)} 14. Nxe4 {(02:33)} Nxe4 {
(15:11)} 15. Bxe4 {(01:19)} Be6 {(07:12)} 16. Nxe6 {
(03:35)} fxe6 {(03:02)} 17. Qh5+ {(00:42)} Kd8 {(
01:36)} 18. Qf7 {(23:24)} Nd7 {(03:39)} 19. Rad1 {(01:02)}
Kc8 {(06:26)} 20. Bf5 {(02:27)} Qe2 {(01:55)} 21. Bc5 {
(08:13)} Nxc5 {(01:17)} 22. bxc5 {(00:39)} exf5 {(
03:18)} 23. Rfe1 {(02:16)} 1-0

[Event "42nd Olympiad Baku 2016 Women"]
[Site "Baku"]
[Date "2016.09.06"]
[Round "5.6"]
[White "Nasriddinzoda, Marvorii"]
[Black "Batchimeg, Tuvshintugs"]
[Result "0-1"]
[ECO "A05"]
[WhiteElo "2073"]
[BlackElo "2391"]
[Annotator ""]
[PlyCount "70"]
[EventDate "2016.??.??"]
[EventType "team-tourn"]
[EventCountry "AZE"]
[SourceTitle "playchess.com"]
[Source "ChessBase"]
[WhiteTeam "Tajikistan"]
[BlackTeam "Mongolia"]
[WhiteTeamCountry "TJK"]
[BlackTeamCountry "MGL"]
[TimeControl "40/5400+30:1800+30"]

1. Nf3 {(00:00)} Nf6 {(00:00)} 2. g3 {(00:00)} g6 {
(00:38)} 3. Bg2 {(00:06)} Bg7 {(00:06)} 4. O-O {(
00:06)} O-O {(00:29)} 5. d3 {(00:32)} c5 {(03:02)} 6. e4 {
(00:51)} d6 {(00:50)} 7. Nbd2 {(02:24)} Nc6 {(00:
56)} 8. c3 {(08:15)} Ne8 {(05:58)} 9. Re1 {(03:35)} Nc7 {
(03:36)} 10. Nf1 {(07:51)} e5 {(03:53)} 11. a4 {(
05:26)} Rb8 {(02:30)} 12. Ne3 {(03:52)} Be6 {(05:59)} 13.
h4 {(10:22)} h6 {(12:42)} 14. Nc4 {(11:39)} f5 {(
02:49)} 15. Qe2 {(07:32)} Qd7 {(04:38)} 16. Ne3 {(04:08)}
Rbe8 {(10:36)} 17. Nh2 {(06:09)} Qf7 {(12:22)} 18. h5 {
(06:56)} f4 {(05:08)} 19. Nd5 {(01:26)} Bxd5 {(05:
10)} 20. exd5 {(01:00)} Ne7 {(01:40)} 21. hxg6 {(04:21)}
Qxg6 {(00:24)} 22. Be4 {(00:54)} Qf7 {(02:07)} 23. c4 {
(01:35)} Nf5 {(04:36)} 24. Qg4 {(04:10)} Qf6 {(04:
50)} 25. gxf4 {(02:16)} Nd4 {(01:17)} 26. Kh1 {(04:07)}
exf4 {(01:55)} 27. Rg1 {(00:38)} Re7 {(00:29)} 28. Qh3 {
(00:47)} Kh8 {(04:44)} 29. Rg6 {(01:17)} Rxe4 {(00:
22)} 30. Rxf6 {(00:33)} Re1+ {(00:04)} 31. Kg2 {(00:34)}
Rxf6 {(00:06)} 32. Nf3 {(01:39)} Rg6+ {(00:30)} 33. Kh2 {
(00:01)} Nxf3+ {(00:24)} 34. Qxf3 {(00:12)} Rgg1 {(
00:35)} 35. Qxf4 {(00:58)} Be5 {(00:06)} 0-1

[Event "42nd Olympiad Baku 2016 Women"]
[Site "Baku"]
[Date "2016.09.06"]
[Round "5.7"]
[White "Nepando, Jolly"]
[Black "Almanzar Vasquez, Jennifer Maria"]
[Result "0-1"]
[ECO "B06"]
[WhiteElo "1517"]
[BlackElo "1768"]
[Annotator ""]
[PlyCount "102"]
[EventDate "2016.??.??"]
[EventType "team-tourn"]
[EventCountry "AZE"]
[SourceTitle "playchess.com"]
[Source "ChessBase"]
[WhiteTeam "Namibia"]
[BlackTeam "Dominican Republic"]
[WhiteTeamCountry "NAM"]
[BlackTeamCountry "DOM"]
[TimeControl "40/5400+30:1800+30"]

1. e4 {(00:00)} g6 {(00:00)} 2. d4 {(00:27)} Bg7 {(
00:00)} 3. Nf3 {(01:54)} d6 {(00:00)} 4. h3 {(01:06)} Nd7
{(00:55)} 5. c3 {(05:55)} Ngf6 {(00:20)} 6. Bd3 {(
01:51)} O-O {(00:19)} 7. Be3 {(01:29)} c5 {(03:10)} 8. d5
{(01:49)} a6 {(03:02)} 9. b3 {(03:03)} b5 {(00:54)}
10. Qc2 {(02:16)} Bb7 {(00:58)} 11. Nbd2 {(02:36)} b4 {
(04:32)} 12. Nb1 {(03:17)} a5 {(01:49)} 13. a3 {(
00:37)} e6 {(05:48)} 14. dxe6 {(03:49)} fxe6 {(00:17)} 15.
Ng5 {(00:41)} Qe7 {(01:20)} 16. Bc4 {(03:42)} d5 {(
00:25)} 17. exd5 {(00:42)} exd5 {(00:49)} 18. Be2 {(02:43]
} Rfe8 {(05:16)} 19. O-O {(08:30)} Ne4 {(30:25)} 20. Nxe4
{(02:33)} Qxe4 {(03:49)} 21. Bd3 {(02:10)} Qe7 {(
03:44)} 22. Ra2 {(04:38)} bxc3 {(05:57)} 23. Re1 {(06:20)}
d4 {(00:57)} 24. Bd2 {(03:00)} Qd6 {(02:10)} 25. Bc4+ {
(06:54)} Kh8 {(03:29)} 26. Rxe8+ {(01:44)} Rxe8 {(
00:02)} 27. Nxc3 {(01:02)} dxc3 {(00:14)} 28. Bxc3 {(00:
04)} Bxc3 {(01:24)} 29. Qxc3+ {(00:03)} Qe5 {(00:00)} 30.
Qxa5 {(01:46)} Qe1+ {(00:23)} 31. Qxe1 {(00:38)} Rxe1+ {
(00:01)} 32. Kh2 {(03:31)} Ne5 {(04:22)} 33. Rd2 {(
05:56)} Nxc4 {(00:33)} 34. bxc4 {(01:57)} Re7 {(00:35)}
35. Rd3 {(02:52)} Ba6 {(01:24)} 36. f3 {(01:27)} Bxc4 {
(04:44)} 37. Rc3 {(00:23)} Bf1 {(01:06)} 38. Rxc5 {
(00:28)} Re2 {(00:26)} 39. Rg5 {(04:38)} Ra2 {(00:
25)} 40. Kg1 {(00:00)} Bd3 {(00:00)} 41. Ra5 {(03:22)} Kg7
{(01:15)} 42. Ra7+ {(04:05)} Kh6 {(04:30)} 43. Ra4 {
(02:28)} Kg5 {(02:05)} 44. g3 {(03:42)} h5 {(02:34]
} 45. h4+ {(03:04)} Kf6 {(01:56)} 46. Ra5 {(00:59)} Bf5 {
(03:22)} 47. Ra6+ {(11:35)} Ke5 {(00:20)} 48. g4 {(
03:33)} hxg4 {(03:18)} 49. fxg4 {(00:03)} Be4 {(00:01)}
50. Kf1 {(07:41)} Bd3+ {(00:05)} 51. Kg1 {(00:36)} Bxa6 {
(00:01)} 0-1

[Event "42nd Olympiad Baku 2016 Women"]
[Site "Baku"]
[Date "2016.09.06"]
[Round "5.6"]
[White "Newrkla, Katharina"]
[Black "Ovezdurdiyeva, Jemal"]
[Result "0-1"]
[ECO "B90"]
[WhiteElo "2214"]
[BlackElo "2031"]
[Annotator ""]
[PlyCount "116"]
[EventDate "2016.??.??"]
[EventType "team-tourn"]
[EventCountry "AZE"]
[SourceTitle "playchess.com"]
[Source "ChessBase"]
[WhiteTeam "Austria"]
[BlackTeam "Turkmenistan"]
[WhiteTeamCountry "AUT"]
[BlackTeamCountry "TKM"]
[TimeControl "40/5400+30:1800+30"]

1. e4 {(00:00)} c5 {(00:00)} 2. Nf3 {(00:00)} d6 {(
00:00)} 3. d4 {(00:00)} cxd4 {(00:00)} 4. Nxd4 {(00:00)}
Nf6 {(00:00)} 5. Nc3 {(00:00)} a6 {(00:00)} 6. Nb3 {
(00:00)} e5 {(00:07)} 7. Bg5 {(00:10)} Be7 {(00:39]
} 8. Qd2 {(06:12)} Be6 {(02:48)} 9. O-O-O {(05:52)} Nbd7 {
(02:33)} 10. f3 {(12:01)} b5 {(02:04)} 11. h4 {(02:
55)} h6 {(19:16)} 12. Be3 {(12:31)} b4 {(07:35)} 13. Nd5 {
(01:06)} Bxd5 14. exd5 {(00:07)} Nb6 {(07:07)} 15. Na5 {
(05:42)} Nbxd5 {(06:59)} 16. Nc6 {(00:26)} Qc7 {(
04:17)} 17. Nxe7 {(13:20)} Nxe3 {(03:39)} 18. Qxe3 {(00:
26)} Kxe7 {(00:14)} 19. g4 {(04:13)} Rhc8 {(08:14)} 20.
Rh2 {(02:16)} Qc5 {(06:22)} 21. Qd3 {(14:15)} a5 {(
07:18)} 22. g5 {(06:40)} Nh5 {(02:22)} 23. Rhd2 {(03:27)}
Rc6 {(04:44)} 24. Qe4 {(01:19)} Ng3 {(02:26)} 25. Qd5 {
(05:29)} Qxd5 {(01:44)} 26. Rxd5 {(00:01)} Nxf1 {(
00:08)} 27. Rxf1 {(00:04)} a4 {(02:27)} 28. Kb1 {(01:40)}
Rc4 {(03:47)} 29. gxh6 {(01:10)} gxh6 {(00:41)} 30. Rfd1 {
(00:06)} Ra6 {(00:34)} 31. Rh1 {(00:34)} Ke6 {(01:
04)} 32. Rb5 {(00:14)} Rac6 {(01:39)} 33. Rh2 {(01:11)}
Rd4 {(01:09)} 34. Kc1 {(00:57)} Rc5 {(00:56)} 35. Rb8 {
(00:25)} Kf5 {(01:05)} 36. Rh8 {(01:16)} Rcd5 {(00:
46)} 37. Rh1 {(00:38)} b3 {(01:01)} 38. axb3 {(00:12)}
axb3 {(00:21)} 39. cxb3 {(00:22)} Rd3 {(00:48)} 40. Rxh6 {
(00:00)} Rxf3 {(00:00)} 41. Rh8 {(12:39)} Rc5+ {(
11:11)} 42. Kb1 {(00:53)} e4 {(03:00)} 43. Rg8 {(05:54)}
e3 {(03:43)} 44. h5 {(00:49)} e2 {(04:34)} 45. Rgg1 {
(00:07)} Ke4 {(00:25)} 46. Re1 {(01:48)} Kd3 {(00:
55)} 47. h6 {(00:39)} Rc8 {(00:34)} 48. h7 {(03:16)} Kd2 {
(01:25)} 49. h8=Q {(05:57)} Rxh8 {(00:15)} 50. Rxe2+ {
(00:09)} Kxe2 {(00:10)} 51. Rxh8 {(00:04)} f5 {(00:
33)} 52. Kc2 {(00:23)} f4 {(00:48)} 53. Rf8 {(04:09)} d5 {
(00:51)} 54. Rd8 {(00:37)} Rd3 {(02:23)} 55. Rh8 {(
01:46)} f3 {(01:26)} 56. Rh2+ {(00:47)} Ke3 {(00:02)} 57.
Rh3 {(00:42)} Rd2+ {(00:10)} 58. Kc1 {(00:21)} Rd4 {
(00:05)} 0-1

[Event "42nd Olympiad Baku 2016 Women"]
[Site "Baku"]
[Date "2016.09.06"]
[Round "5.19"]
[White "Nguyen, Thi Mai Hung"]
[Black "Tania, Sachdev"]
[Result "1-0"]
[ECO "A45"]
[WhiteElo "2316"]
[BlackElo "2402"]
[Annotator ""]
[PlyCount "83"]
[EventDate "2016.??.??"]
[EventType "team-tourn"]
[EventCountry "AZE"]
[SourceTitle "playchess.com"]
[Source "ChessBase"]
[WhiteTeam "Vietnam"]
[BlackTeam "India"]
[WhiteTeamCountry "VIE"]
[BlackTeamCountry "IND"]
[TimeControl "40/5400+30:1800+30"]

1. d4 {(00:00)} Nf6 {(00:00)} 2. Bg5 {(00:07)} d5 {
(00:00)} 3. e3 {(00:33)} g6 {(00:10)} 4. c3 {(04:
47)} Bg7 {(00:17)} 5. Nd2 {(00:45)} Nbd7 {(01:19)} 6. Ngf3
{(02:30)} O-O {(04:02)} 7. Bd3 {(04:03)} c5 {(04:
24)} 8. O-O {(02:23)} b6 {(03:28)} 9. Qe2 {(10:41)} Bb7 {
(00:43)} 10. Rad1 {(01:42)} Qc7 {(09:51)} 11. Bf4 {
(08:22)} Qc8 {(00:04)} 12. h3 {(02:04)} Re8 {(02:
22)} 13. Ne5 {(01:11)} Nxe5 {(02:52)} 14. Bxe5 {(00:26)}
Ne4 {(01:52)} 15. Bxg7 {(09:21)} Nxd2 {(01:56)} 16. Rxd2 {
(00:25)} Kxg7 {(00:05)} 17. f4 {(04:32)} e6 {(01:
38)} 18. g4 {(02:30)} f5 {(07:58)} 19. h4 {(06:24)} Kf7 {
(08:53)} 20. Qf3 {(09:11)} Rg8 {(09:02)} 21. Rg2 {(
01:19)} Ke7 {(06:37)} 22. Rff2 {(05:08)} Kd6 {(08:22)} 23.
Rg3 {(03:07)} Qd7 {(07:37)} 24. Rfg2 {(02:40)} Qf7 {
(01:12)} 25. h5 {(04:28)} c4 {(03:47)} 26. Bc2 {(
00:54)} b5 {(00:17)} 27. Kf2 {(04:54)} a5 {(03:39)} 28.
Qd1 {(02:01)} gxh5 {(09:14)} 29. gxf5 {(00:37)} h4 {
(00:09)} 30. Rxg8 {(02:41)} Rxg8 {(00:03)} 31. Rxg8 {
(00:20)} Qxg8 {(00:04)} 32. Qg1 {(00:12)} Qxg1+ {(
03:00)} 33. Kxg1 {(00:05)} h6 {(00:47)} 34. Kh2 {(01:37)}
Bc8 {(00:07)} 35. f6 {(02:16)} b4 {(00:32)} 36. Bg6 {
(01:40)} Bd7 {(00:24)} 37. Bf7 {(00:50)} h3 {(00:
43)} 38. Kxh3 {(00:08)} e5+ {(00:04)} 39. Kh4 {(00:05)}
exf4 {(01:07)} 40. exf4 {(00:00)} a4 {(00:00)} 41. a3 {
(00:20)} bxa3 {(01:59)} 42. bxa3 {(00:16)} 1-0